 Dungeon Crawl Stone Soup version 0.29.0-4-gdea44cf6ec (webtiles) character file.

Game seed: 4608094115288526986

21 qw the Firebug (level 2, -5/23 HPs)
             Began as a Ghoul Fire Elementalist on Aug 29, 2022.
             Slain by a gnoll
             ... wielding a +0 whip
              (6 damage)
             ... on level 2 of the Dungeon.
             The game lasted 00:00:54 (1804 turns).

qw the Firebug (Ghoul Fire Elementalist)            Turns: 1804, Time: 00:00:55

Health: -5/23      AC:  4    Str: 11    XL:     2   Next: 83%
Magic:  3/3        EV: 11    Int: 10    God:
Gold:   24         SH:  0    Dex:  9    Spells: 3/4 levels left

rFire   . . .      SeeInvis .     - Unarmed
rCold   + . .      Faith    .   (no shield)
rNeg    + + +      Spirit   .   f - +0 leather armour
rPois   inf        Reflect  .   (no helmet)
rElec   .          Harm     .   (no cloak)
rCorr   .          Rampage  .   c - +0 pair of gloves
Will    .....                   (no boots)
Stlth   +.........              (no amulet)
HPRegen 0.00/turn               (no ring)
MPRegen 0.08/turn               (no ring)

@: inhibited regen
A: claws 1, cold resistance 1, negative energy resistance 3, inhibited
regeneration, torment resistance 2, devour on kill
a: no special abilities


You were on level 2 of the Dungeon.
You visited 1 branch of the dungeon, and saw 2 of its levels.

You collected 24 gold pieces.


Innate Abilities, Weirdness & Mutations

You are immune to poison.
You have sharp fingernails.
Your flesh is cold resistant. (rC+)
You are immune to negative energy. (rN+++)
You do not regenerate when monsters are visible.
You are immune to unholy pain and torment.
You thrive by killing the living.


   Skills:
 - Level 1.1 Fighting
 - Level 1.7 Dodging
 - Level 2.1 Stealth
 + Level 2.1 Unarmed Combat
 - Level 1.7 Spellcasting
 - Level 0.7 Conjurations
 - Level 2.4 Fire Magic


You had 3 spell levels left.
You knew the following spells:

 Your Spells              Type           Power      Damage    Failure   Level
a - Foxfire               Conj/Fire      16%        2x1d4     22%         1

Your spell library contained the following spells:

 Spells                   Type           Power      Damage    Failure   Level
 Scorch                   Fire           10%        2d6       24%         2
 Conjure Flame            Conj/Fire      4%         6-21      54%         3
 Inner Flame              Hex/Fire       3%         N/A       61%         3
 Flame Wave               Conj/Fire      4%         2d5       91%         4

Inventory:

Missiles
 l - 3 boomerangs (quivered)
Armour
 c - a +0 pair of gloves (worn)
 f - a +0 leather armour (worn)
Potions
 d - a potion of resistance {unknown}
 e - a potion of haste {unknown}
 g - a potion of degeneration {unknown}
 i - a potion of lignification {unknown}

Dungeon Overview and Level Annotations

Branches:
Dungeon (2/15)

Altars:


Message History

Waypoint 1 assigned to D:2.
There is a stone staircase leading up here.
Found a stone staircase leading down. 3 gnolls come into view.
Found a dagger.
The gnoll shouts! x2
The gnoll moves out of view.
1791 ||| Stepping ~*~*~tactically~*~*~ (hiding).
You start waiting.
A gnoll is nearby!
You hit the gnoll.
The gnoll is lightly wounded.
You hit the gnoll but do no damage.
The gnoll is lightly wounded.
The gnoll closely misses you.
You closely miss the gnoll.
The gnoll is lightly wounded.
The gnoll hits you with a +0 whip.
You hit the gnoll but do no damage.
The gnoll is lightly wounded.
The gnoll misses you.
You hit the gnoll but do no damage.
The gnoll is lightly wounded.
The gnoll hits you with a +0 whip!
The gnoll hits you from afar with a +0 spear.
1800 ||| Stepping ~*~*~tactically~*~*~ (outnumbered).
The gnoll attacks as you move away! The gnoll barely misses you.
You hit the gnoll.
The gnoll is heavily wounded.
The gnoll closely misses you.
You hit the gnoll but do no damage.
The gnoll is heavily wounded.
The gnoll hits you with a +0 whip.
The gnoll hits you from afar with a +0 spear.
1803 ||| Stepping ~*~*~tactically~*~*~ (outnumbered).
The gnoll attacks as you move away! The gnoll closely misses you.
You barely miss the gnoll.
The gnoll is heavily wounded.
The gnoll hits you with a +0 whip.
You die...

.. #. #.# #
#.####.##.
#.........
#......gg. #g.#
# #.###..###.#
#.....gg@..#
#.###.#######
#.##....
#.##.#..
##.##.#.#
##...#<#.#
#......#.####.#
#..............
#......#.......


You could see 3 gnolls.

Vanquished Creatures
  A ball python (D:1)
  A bat (D:1)
  3 endoplasms (D:1)
  2 goblins (D:1)
  5 hobgoblins (D:1)
  A kobold (D:1)
  A quokka (D:1)
  2 rats (D:1)
16 creatures vanquished.

Vanquished Creatures (others)
  2 demonic plants (D:2)
  A withered plant (D:2)
3 creatures vanquished.

Grand Total: 19 creatures vanquished

Notes
Turn   | Place    | Note
-------+----------+-------------------------------------------
     0 | D:1      | qw the Ghoul Fire Elementalist began the quest for the Orb.
     0 | D:1      | Reached XP level 1. HP: 14/14 MP: 2/2
     0 | D:1      | 0 ||| qw: Version: 0.1-a-90-g952f4b7
     0 | D:1      | 0 ||| qw: Game counter: 3740
     0 | D:1      | 0 ||| qw: Always use a shield: true
     0 | D:1      | 0 ||| qw: God list: Okawaru
     0 | D:1      | 0 ||| qw: Allow faded altars: false
     0 | D:1      | 0 ||| qw: Do Orc after D:15 true
     0 | D:1      | 0 ||| qw: Do second Lair branch before Depths: true
     0 | D:1      | 0 ||| qw: Lair rune preference: random
     0 | D:1      | 0 ||| qw: Plans: Normal
     0 | D:1      | 0 ||| PLANNING D:1-11
   112 | D:1      | HP: 3/14 [hobgoblin (1)]
   114 | D:1      | Reached skill level 1 in Unarmed Combat
   415 | D:1      | Reached XP level 2. HP: 14/22 MP: 3/3
   592 | D:1      | HP: 5/22 [kobold/+0 short sword (3)]
   597 | D:1      | Reached skill level 1 in Fighting
  1098 | D:1      | 1098 ||| Stepping ~*~*~tactically~*~*~ (stealth).
  1100 | D:1      | 1100 ||| Stepping ~*~*~tactically~*~*~ (stealth).
  1102 | D:1      | 1102 ||| Stepping ~*~*~tactically~*~*~ (stealth).
  1303 | D:1      | 1303 ||| Stepping ~*~*~tactically~*~*~ (stealth).
  1305 | D:1      | 1305 ||| Stepping ~*~*~tactically~*~*~ (stealth).
  1734 | D:1      | 1734 ||| UPGRADING to +0 pair of gloves.
  1739 | D:1      | 1739 ||| UPGRADING to +0 leather armour.
  1749 | D:1      | 1749 ||| DROPPING +0 robe.
  1750 | D:1      | 1750 ||| READING 3 scrolls labelled KAC QAURUU.
  1751 | D:1      | 1751 ||| READING 2 scrolls labelled ROSEWI WEQAP.
  1752 | D:1      | 1752 ||| READING scroll labelled ULEENI NINITIM.
  1753 | D:1      | 1753 ||| READING scroll labelled DAUKHILOACW.
  1754 | D:1      | 1754 ||| DROPPING potion of magic.
  1755 | D:1      | 1755 ||| DROPPING 2 scrolls of blinking.
  1756 | D:1      | 1756 ||| DROPPING scroll of fear.
  1791 | D:2      | 1791 ||| Stepping ~*~*~tactically~*~*~ (hiding).
  1800 | D:2      | 1800 ||| Stepping ~*~*~tactically~*~*~ (outnumbered).
  1802 | D:2      | HP: 4/23 [gnoll/+0 whip (2)]
  1802 | D:2      | HP: 1/23 [gnoll/+0 spear (3)]
  1803 | D:2      | 1803 ||| Stepping ~*~*~tactically~*~*~ (outnumbered).
  1804 | D:2      | Slain by a gnoll

Levels and vault maps discovered:
D:1:      shiori_arrival_oz, layout_basic
D:2:      layout_loops_ring, shapermc_ecumenical_altar_gd

Skill      XL: |  1  2 |
---------------+-------+-----
Unarmed Combat | 1 2 |  2.1
Fighting       | 1 |  1.1
Dodging        | |  1.7
Stealth        | |  2.1
Spellcasting   | |  1.7
Conjurations   | |  0.7
Fire Magic     | |  2.4

Action                   || total
-------------------------++-------
Melee: Unarmed           ||    83
       Punch             ||     1
Throw: Boomerang         ||     8
  Use: Scroll            ||     4
Armor: Robe              ||     6
Dodge: Dodged            ||    34

Table legend:
 A = Non-vault XP
 B = Vault XP
 C = Vault XP percentage of total XP
 D = Non-vault monster count
 E = Vault monster count
 F = Vault count percentage of total count
                 A         B        C        D         E       F
            +---------+---------+-------+---------+---------+-------
      Total |      26 |       4 |  13.3 |      14 |       2 |  12.5
            +---------+---------+-------+---------+---------+-------
        D:1 |      26 |       4 |  13.3 |      14 |       2 |  12.5
            +---------+---------+-------+---------+---------+-------
